 Dungeon Crawl Stone Soup version 0.30.1-4-g462c640d31 (webtiles) character file.

Game seed: 18028341169673862050

128 croobank the Stinger (level 4, 0/35 HPs)
             Began as an Armataur Venom Mage on Aug 26, 2023.
             Was an Initiate of Hepliaklqana.
             Killed by nerve-wracking pain
             ... invoked by Menkaure
              (6 damage)
             ... on level 4 of the Dungeon.
             The game lasted 00:06:22 (2237 turns).

croobank the Stinger (Armataur Venom Mage)          Turns: 2237, Time: 00:06:22

Health: 0/35       AC:  9    Str:  7 (11) XL:     4   Next: 87%
Magic:  7/7        EV:  6    Int: 14 (18) God:    Hepliaklqana [......]
Gold:   67         SH:  2    Dex:  6 (10) Spells: 4/7 levels left

rFire   + . .        j - +3 dagger (venom)
rCold   . . .        l - +0 buckler
rNeg    . . .        q - +2 ring mail {rPois}
rPois   +            (no helmet)
rElec   .            (no cloak)
rCorr   .            n - +0 pair of gloves
SInv    .            (no barding)
Will    .....        (no amulet)
Stlth   +            (no ring)
HPRegen 0.25/turn    (no ring)
MPRegen 0.10/turn

%: roll
@: hasted, invisible, very quick
A: large, rugged brown scales 3, deformed body, armoured tail, roll, long
tongue, awkward tongue, deterioration 1, fire resistance 1, weak 1
a: Renounce Religion


You were on level 4 of the Dungeon.
You worshipped Hepliaklqana.
Hepliaklqana was noncommittal.
You visited 1 branch of the dungeon, and saw 4 of its levels.

You collected 67 gold pieces.

Inventory:

Hand Weapons
 c - a +1 dagger of electrocution
 j - a +3 dagger of venom (weapon)
 m - a +0 war axe
Missiles
 o - 6 poisoned darts
 p - 6 boomerangs (quivered)
Armour
 a - a +0 robe
 g - a +0 leather armour
 l - a +0 buckler (worn)
 n - a +0 pair of gloves (worn)
 q - a +2 ring mail of poison resistance (worn)
Scrolls
 h - 2 scrolls of teleportation
 r - a scroll of enchant weapon
Potions
 b - a potion of magic
 d - 2 potions of haste
 k - a potion of flight {unknown}


   Skills:
 - Level 0.2 Fighting
 + Level 2.2 Armour
 - Level 2.0 Dodging
 - Level 3.1 Stealth
 - Level 2.3 Spellcasting
 - Level 1.6 Transmutations
 - Level 0.3 Air Magic
 - Level 3.2 Poison Magic


You had 4 spell levels left.
You knew the following spells:

 Your Spells              Type           Power      Damage    Failure   Level
a - Sting                 Tmut/Pois      32%        1d4       45%         1
b - Poisonous Vapours     Pois/Air       12%        N/A       67%         2

Your spell library contained the following spells:

 Spells                   Type           Power      Damage    Failure   Level
 Mephitic Cloud           Conj/Pois/Air  4%         N/A       94%         3
 Olgreb's Toxic Radiance  Pois           10%        N/A       98%         4
 Animate Armour           Summ/Erth      2%         N/A       100%        4
 Blade Hands              Tmut           3%         N/A       100%        5
 Iron Shot                Conj/Erth      0%         9d1       100%        6


Dungeon Overview and Level Annotations

Branches:
Dungeon (4/15)
 Temple: D:4-7

Altars:
Hepliaklqana

Shops:
D:3 (

Annotations:
D:4 Menkaure


Innate Abilities, Weirdness & Mutations

You are completely covered in rugged brown scales. (AC +3, +7% HP)
Armour fits poorly on your strangely shaped body.
You have a long armoured tail.
You roll when moving toward enemies. (Rampage)
Your long tongue fully drains potion bottles. (2x potion effects)
Your tongue gives you trouble enunciating. (1.5x scroll delay)
Your body sometimes deteriorates upon taking damage.
Your flesh is heat resistant. (rF+)
You are weak. (Str -2)


Message History

The goblin is severely wounded.
You kill the goblin!
No target in view!
You see here a +0 dagger.
You hear a distant slurping noise.
You open the door.
There is an open door here.
You now have 67 gold pieces (gained 1).
You hear a distant slurping noise.
There is an open door here.
You open the door.
Menkaure, Prince of Dust comes into view.
Menkaure shouts!
You roll towards Menkaure!
You hit Menkaure.
Menkaure is lightly damaged.
You hit Menkaure but do no damage.
Menkaure is lightly damaged.
Menkaure hits you!
You feel yourself speed up.
You slurp down every last drop of the potion of haste!
Menkaure misses you.
You hit Menkaure but do no damage.
Menkaure is lightly damaged.
Menkaure hits you!
* * * LOW HITPOINT WARNING * * *
You fade into invisibility!
You slurp down every last drop of the potion of invisibility!
Menkaure calls on the powers of darkness!
Your body is wracked with pain!
* * * LOW HITPOINT WARNING * * *
It was a potion of mutation.
You feel extremely strange.
You feel weaker.
You feel yourself wasting away.
You feel resistant to heat.
You slurp down every last drop of the potion of mutation!
It was a potion of degeneration.
There was something very wrong with that liquid.
You feel weakened.
You feel dopey.
You feel clumsy.
You slurp down every last drop of the potion of degeneration!
Menkaure casts a spell at you. Pain shoots through your body!
You die...

....... .......
....... .......
....... .......
####.......
#.@'M......
#.##.......
#.######+##
#.#......#
#.#.###########
#.#.##.........
####....#.########
#.......#.####
#.......'....#


You could see Menkaure.

Vanquished Creatures
  A jelly (D:4)
  Jessica (D:2)
  4 adders (D:3)
  A worm (D:2)
  4 endoplasms
  7 goblins
  5 hobgoblins
  A quokka (D:4)
  2 ball pythons (D:1)
  2 bats
  A frilled lizard (D:1)
  4 kobolds
  3 rats
36 creatures vanquished.

Notes
Turn   | Place    | Note
-------+----------+-------------------------------------------
     0 | D:1      | croobank the Armataur Venom Mage began the quest for the
                  | Orb.
     0 | D:1      | Reached XP level 1. HP: 14/14 MP: 3/3
    86 | D:1      | Reached skill level 1 in Transmutations
   283 | D:1      | Reached XP level 2. HP: 21/21 MP: 2/4
   770 | D:2      | Noticed Jessica
   778 | D:2      | Killed Jessica
   779 | D:2      | Reached XP level 3. HP: 16/27 MP: 2/6
   928 | D:2      | Learned a level 2 spell: Poisonous Vapours
  1726 | D:3      | Reached XP level 4. HP: 26/35 MP: 7/7
  1852 | D:3      | Found a hazy altar of Hepliaklqana.
  1873 | D:3      | Found Jehoefe's Weapon Emporium.
  1893 | D:3      | Became a worshipper of Hepliaklqana the Forgotten
  2229 | D:4      | Noticed Menkaure
  2236 | D:4      | Gained mutation: You are weak. (Str -2) [potion of
                  | mutation]
  2236 | D:4      | Gained mutation: Your body sometimes deteriorates upon
                  | taking damage. [potion of mutation]
  2236 | D:4      | Gained mutation: Your flesh is heat resistant. (rF+)
                  | [potion of mutation]
  2237 | D:4      | Killed from afar by Menkaure

Illustrated notes

Levels and vault maps discovered:
D:1:      dpeg_arrival_arbitrary_c, layout_loops_cross
D:2:      layout_rooms, uniq_jessica
D:3:      layout_basic, mainiacjoe_overflow_brackets, serial_shops,
          nicolae_diamond_shop
D:4:      layout_basic, nicolae_kikubaaqudgha_miasma_corner,
          nemelex_diamond_rough_becter, grunt_ministairs_9, uniq_menkaure

Skill      XL: |  1  2  3  4 |
---------------+-------------+-----
Transmutations | 1 |  1.6
Spellcasting   | 2 |  2.3
Poison Magic   | 3 |  3.2
Stealth        | 3 |  3.1
Dodging        | 2 |  2.0
Armour         | 2 |  2.2
Fighting       | |  0.2
Air Magic      | |  0.3

Action                     |  1- 3 |  4- 6 || total
---------------------------+-------+-------++-------
  Melee: Dagger            |    73 |    29 ||   102
         Tailslap          |     8 |     2 ||    10
         Unarmed           |     1 |       ||     1
   Cast: Sting             |    15 |       ||    15
         Poisonous Vapours |     7 |       ||     7
    Use: Scroll            |     5 |     1 ||     6
         Potion            |       |     4 ||     4
   Stab: Sleeping          |     5 |     1 ||     6
 Armour: Robe              |    28 |    13 ||    41
         Ring mail         |       |     3 ||     3
  Dodge: Dodged            |    34 |     8 ||    42
  Block: Buckler           |     2 |     2 ||     4
